Map: Chantier naval orbital

Players

PhoenixImba - Winner!

  • Race: Protoss Protoss
  • League: Master

FlUchiCKs

  • Race: Terran Terran
  • League: Diamond

VOD

Have the link to the VOD?

Description

Time

  • Played on: Feb. 26, 2016, 6:41 a.m.
  • Length: 6:17
Show
View Real Time Build Order
Export as new Build Order

PhoenixImba Protoss - Winner!

Build Orders: Mass Adepts, Colossus Rush 

Get SALT Encoding   

  12  0:01  Probe (Chrono Boost)  
  13  0:12  Probe (Chrono Boost)  
  14  0:17  Pylon  
  14  0:22  Probe (Chrono Boost)  
  16  0:35  Probe (Chrono Boost)  
  16  0:37  Gateway  
  16  0:41  Assimilator  
  16  0:46  Probe (Chrono Boost)  
  17  0:50  Assimilator  
  17  0:57  Probe (Chrono Boost)  
  18  1:07  Probe (Chrono Boost)  
  18  1:08  Gateway  
  19  1:18  Probe (Chrono Boost)  
  20  1:24  Cybernetics Core  
  20  1:29  Probe (Chrono Boost)  
  22  1:40  Probe (Chrono Boost)  
  22  1:41  Pylon  
  22  1:50  Probe (Chrono Boost)  
  25  2:01  Adept x2  
  25  2:03  Warp Gate (Chrono Boost)  
  27  2:09  Mothership Core  
  29  2:22  Pylon  
  31  2:30  Adept  
  31  2:40  Adept  
  33  2:46  Robotics Facility  
  33  2:57  Gateway  
  33  3:08  Gateway  
  32  3:34  Warp Prism (Chrono Boost), Robotics Bay  
  34  3:53  Pylon  
  34  3:54  Pylon  
  34  4:07  Adept x2  
  38  4:22  Colossus (Chrono Boost)  
  44  4:35  Adept x2  
  44  4:36  Adept x2  
  52  4:46  Pylon  
  52  4:51  Pylon  
  52  5:02  Stalker  
  52  5:07  Stalker  
  56  5:12  Stalker  
  58  5:20  Stalker  
  60  5:29  Stalker  
  62  5:37  Stalker  
  60  5:59  Adept  
  60  6:00  Adept x2  
  62  6:10  Adept  
Show
View Real Time Build Order
Export as new Build Order

FlUchiCKs Terran 

Build Orders:  

Get SALT Encoding   

  12  0:01  SCV  
  13  0:13  SCV  
  14  0:19  Supply Depot  
  14  0:25  SCV  
  15  0:41  SCV  
  15  0:42  Barracks  
  16  0:47  Refinery  
  16  0:53  SCV  
  17  1:05  SCV  
  18  1:18  SCV  
  19  1:26  Command Center  
  19  1:30  SCV  
  20  1:33  Reaper  
  21  1:42  Supply Depot  
  21  1:44  SCV  
  22  1:56  Orbital Command  
  22  2:09  Factory  
  22  2:22  Barracks Tech Lab  
  22  2:25  SCV  
  23  2:37  SCV  
  23  2:43  Orbital Command  
  24  2:50  SCV  
  25  2:52  Bunker  
  25  3:00  Supply Depot  
  25  3:03  SCV  
  29  3:05  Siege Tank  
  29  3:06  Refinery, Marine  
  29  3:10  Barracks  
  30  3:14  SCV  
  29  3:27  Marine  
  29  3:30  Barracks  
  28  3:46  SCV  
  28  3:47  SCV  
  30  3:49  Siege Tank  
  33  3:57  Marine x2  
  33  3:58  SCV  
  33  3:59  SCV  
  33  4:01  Engineering Bay  
  37  4:10  SCV  
  37  4:11  SCV  
  39  4:22  SCV  
  39  4:23  SCV  
  40  4:34  SCV  
  40  4:36  SCV  
  37  4:46  SCV  
  37  4:48  SCV  
  37  4:49  Barracks Tech Lab  
  37  4:51  Starport  
  39  4:53  Barracks  
  39  4:54  Barracks Reactor  
  39  4:55  Marine  
  40  5:07  SCV x2  
  40  5:09  Marine  
  40  5:13  Marine  
  44  5:15  Supply Depot  
  44  5:27  Marine  
  45  5:31  Marine  
  45  5:33  Viking  
  45  5:34  Marine x2  
  50  5:40  Supply Depot x2  
  50  5:45  Marine  
Tags
 
Add a new tag
Caveats
  • Supply blocks, unpowered buildings, or Contaminate may cause inaccurate times.
  • Supply counts are checked every 10 seconds.